 Dungeon Crawl Stone Soup version 0.31.0-12-g77e489cdc1 (webtiles) character file.

Game seed: 11759043847921214672

416 Silvore the Covered (level 6, -8/48 HPs)
             Began as a Demonspawn Fighter on Feb 12, 2024.
             Mangled by an orc priest
             ... wielding a +0 flail
              (9 damage)
             ... on level 3 of the Dungeon.
             The game lasted 00:06:35 (3573 turns).

Silvore the Covered (Demonspawn Fighter)            Turns: 3573, Time: 00:06:35

Health: -8/48      AC: 11    Str: 18    XL:     6   Next: 60%
Magic:  0/6        EV:  9    Int: 12    God:
Gold:   175        SH:  4    Dex: 12    Spells: 5/5 levels left

rFire   . . .        a - +1 long sword
rCold   + . .        c - +0 buckler
rNeg    . . .        b - +0 scale mail
rPois   .            j - +1 hat {Int+3}
rElec   .            o - +1 cloak {Stlth+}
rCorr   .            f - +0 pair of gloves
SInv    .            (no boots)
Will    .....        e - amulet of guardian spirit
Stlth   +            (no ring)
HPRegen 0.28/turn    (no ring)
MPRegen 0.10/turn

%: guardian spirit
@: no status effects
A: hooves 2, weakness stinger 2, demonic touch 1, cold resistance 1, MP-powered
wands
a: no special abilities


You were on level 3 of the Dungeon.
You visited 1 branch of the dungeon, and saw 4 of its levels.

You collected 175 gold pieces.

Inventory:

Hand Weapons
 a - a +1 long sword (weapon)
Armour
 b - a +0 scale mail (worn)
 c - a +0 buckler (worn)
 f - a +0 pair of gloves (worn)
 j - a +1 hat of intelligence (worn)
 o - a +1 cloak of stealth (worn)
Jewellery
 e - an amulet of guardian spirit (around neck)
Wands
 g - a wand of roots (9)
Scrolls
 d - a scroll of poison
 h - a scroll of enchant armour {unknown}
Potions
 i - a potion of curing
 l - 2 potions of degeneration
 n - a potion of heal wounds {unknown}


   Skills:
 + Level 3.9 Fighting
 + Level 3.9 Long Blades
 + Level 4.6 Armour
 + Level 1.2 Dodging
 + Level 0.5 Stealth
 + Level 3.2 Shields


You had 5 spell levels left.
You didn't know any spells.
Your spell library contained the following spells:

 Spells                   Type           Power      Damage    Failure   Level
 Summon Ice Beast         Ice/Summ       0%         N/A       98%         3
 Volatile Blastmotes      Fire/Tloc      0%         2d10      98%         3
 Fulminant Prism          Conj/Alch      0%         3d5       100%        4
 Iskenderun's Mystic Bla  Conj/Tloc      0%         2d3       100%        4
 Summon Mana Viper        Hex/Summ       0%         N/A       100%        5
 Monstrous Menagerie      Summ           0%         N/A       100%        7


Dungeon Overview and Level Annotations

Branches:
Dungeon (4/15)
 Temple: D:4-7

Altars:
Gozag
Makhleb

Shops:
D:3 !


Innate Abilities, Weirdness & Mutations

You have hoof-like feet.
You have a tail ending in a sharp stinger.
Your touch may inflict minor irresistible damage on your foes.
Your flesh is cold resistant. (rC+)
You expend magic power (3 MP) to strengthen your wands.


Message History

The orc barely misses you.
There is a stone staircase leading up here.
You slash the orc!
You kill the orc!
An orc comes into view. It is wielding a +0 club.
The orc shouts!
The orc hits you with a +0 morningstar! Something hits you but does no damage.
Things that are here:
a +0 club; a +0 scale mail The orc priest calls down the wrath of Beogh upon you.
Pain shoots through your body! Something hits you but does no damage.
There is a stone staircase leading up here.
The orc hits you but does no damage.
The orc priest hits you with a +0 flail.
Something hits you but does no damage.
You climb upwards.
Reactivating autopickup.
There is a stone staircase leading down here.
You completely miss the orc priest. Your kick misses the orc priest.
Your tail-slap misses the orc priest.
You block the orc priest's attack. The orc hits you with a +0 morningstar!
Something hits you but does no damage.
Deactivating autopickup; reactivate with Ctrl-A.
You hit the orc priest.
You kick the orc priest, but do no damage.
The orc priest is moderately wounded.
The orc priest hits you but does no damage.
The orc hits you with a +0 morningstar. Something hits you but does no damage.
You hit the orc priest. You kick the orc priest.
The orc priest is heavily wounded.
The orc priest barely misses you. The orc hits you with a +0 morningstar!
* * * LOW HITPOINT WARNING * * *
You hear some strange, mumbled words.
A puff of flame appears from out of thin air!
The puff of flame hits you!
* * * LOW HITPOINT WARNING * * *
It was a potion of mutation.
You feel extremely strange.
You feel your magical essence link to the dungeon's wands.
You feel resistant to cold.
Your feet thicken and deform.
The orc priest hits you with a +0 flail!
You die...

#.##..##..## #..##)##..##
##..#).....###
#######...##.....###
##............##...>#
#)................#.###########
#)#8....)8#.......#............
###.#.......#...{...###.........≈
....#8.....8#..o@o^............§§
....#.......######..........§§§≈§
....#8.....8######...###.....≈§.§
....#.......#..##....###.....§§..
....#8.....8##..............≈8...
....#.......#####.....#......≈≈..
#################......#.....≈≈..
..############.......#........§§.
...............##....#.........§§


You could see an orc priest and an orc.

Vanquished Creatures
  An ogre (D:3)
  A bombardier beetle (D:3)
  A jelly (D:2)
  3 iron imps (D:3)
  2 orc priests (D:2)
  An orc wizard (D:3)
  2 adders (D:2)
  2 dart slugs (D:1)
  12 orcs
  9 ball pythons
  7 bats
  An endoplasm (D:2)
  A giant cockroach (D:1)
  4 hobgoblins
  3 jackals (D:2)
  3 kobolds
  2 quokkas (D:1)
  2 frilled lizards
  13 goblins
  6 rats
76 creatures vanquished.

Notes
Turn   | Place    | Note
-------+----------+-------------------------------------------
     0 | D:1      | Silvore the Demonspawn Fighter began the quest for the Orb.
     0 | D:1      | Reached XP level 1. HP: 18/18 MP: 1/1
   148 | D:1      | Discovered your monstrous ancestry.
   148 | D:1      | Gained mutation: You have a small tail. [demonic ancestry]
   148 | D:1      | Reached XP level 2. HP: 11/24 MP: 2/2
   246 | D:1      | Reached skill level 3 in Armour
   742 | D:1      | Found a burning altar of Makhleb.
   971 | D:2      | Gained mutation: You have a tail ending in a sharp stinger.
                  | [demonic ancestry]
   971 | D:2      | Reached XP level 3. HP: 13/29 MP: 3/3
  1096 | D:2      | Gained mutation: You have large cloven feet. [demonic
                  | ancestry]
  1096 | D:2      | Reached XP level 4. HP: 16/35 MP: 4/4
  1487 | D:2      | Found an opulent altar of Gozag.
  2212 | D:3      | Found Gantien's Distillery.
  2329 | D:2      | Reached XP level 5. HP: 41/41 MP: 5/5
  2346 | D:2      | Reached skill level 4 in Armour
  2527 | D:3      | Noticed an ogre
  2542 | D:3      | Killed an ogre
  2543 | D:3      | Reached skill level 1 in Dodging
  2543 | D:3      | Gained mutation: Your touch may inflict minor irresistible
                  | damage on your foes. [demonic ancestry]
  2543 | D:3      | Reached XP level 6. HP: 45/48 MP: 6/6
  2900 | D:3      | Found a burning altar of Makhleb.
  3572 | D:3      | HP: 1/48 [something/puff of flame (9)]
  3573 | D:3      | Gained mutation: You expend magic power (3 MP) to
                  | strengthen your wands. [potion of mutation]
  3573 | D:3      | Gained mutation: Your flesh is cold resistant. (rC+)
                  | [potion of mutation]
  3573 | D:3      | Gained mutation: You have hoof-like feet. [potion of
                  | mutation]
  3573 | D:3      | Mangled by an orc priest

Illustrated notes

Levels and vault maps discovered:
D:1:      dpeg_arrival_lava_altar, layout_basic
D:2:      layout_basic, serial_forest, infiniplex_forest_end_2,
          infiniplex_forest_3_way, infiniplex_forest_lined_2,
          infiniplex_forest_3_way, infiniplex_forest_corner_1, basic_altar,
          kennysheep_nub, minmay_misc_feat_rows
D:3:      kennysheep_the_goblin_king, layout_rooms, demons_altar, serial_shops,
          nicolae_shop_temple_entry_statues_fountains
D:4:      layout_layer_cave

Skill      XL: |  1  2  3  4  5 |
---------------+----------------+-----
Armour         | 3 4 |  4.6
Long Blades    | 2 3 |  3.9
Shields        | 3 |  3.2
Dodging        | 1 |  1.2
Fighting       | |  3.9
Stealth        | |  0.5

Action                     |  1- 3 |  4- 6 || total
---------------------------+-------+-------++-------
  Melee: Long sword        |    88 |   147 ||   235
         Tailslap          |     3 |    21 ||    24
         Kick              |       |    38 ||    38
    Use: Scroll            |     6 |     4 ||    10
         Potion            |       |     2 ||     2
 Armour: Scale mail        |    84 |   139 ||   223
  Dodge: Dodged            |    49 |    76 ||   125
  Block: Buckler           |    28 |    34 ||    62
